AoeStats
← tanque99lobos

Golden Pit

510024245Analyzed
1v1 RM · 3d ago on Sep 29, 2026· 35m 2s· 2 players
Game mode
Random Map
Map size
Tiny (2 player)
Population
200
Speed
Normal
Resources
Standard
Victory
Conquest
Starting age
Dark Age
Ending age
Imperial Age
RankedLock teamsTeams togetherTeam positionsShared explorationLock speedFull tech treeHidden civsTurbo modeCheats
Victory
Defeat
🇲🇽 Spanish · Mexico
565
+16
🇨🇱 Bulgarians · Chile
562
-16
iBita
12:48 Loom
14:51 Feudal Age
13:11 Loom
16:03 Horse Collar
22:48 Double-Bit Axe
28:40 Castle Age
32:13 Stone Mining
34:06 Murder Holes
tanque99lobos
7:40 Loom
11:41 Feudal Age
16:03 Castle Age
17:18 Double-Bit Axe
Connection lost

Rejoining the realm…

Still unreachable

The connection could not be restored.

Session expired

The server has moved on; the page needs a fresh start.